 Dungeon Crawl Stone Soup version 0.31.0-11-ge490571c62 (webtiles) character file.

Game seed: 1650159424968912945

11380 dorian the Slicer (level 11, -1/60 HPs)
             Began as a Vine Stalker Brigand on Jan 26, 2024.
             Was a Believer of Uskayaw.
             Killed by divine providence
             ... invoked by a meliai
              (10 damage)
             ... on level 12 of the Dungeon.
             The game lasted 00:21:35 (10670 turns).

dorian the Slicer (Vine Stalker Brigand)           Turns: 10670, Time: 00:21:35

Health: -1/60      AC: 11    Str: 15    XL:     11   Next: 76%
Magic:  0/16       EV: 15    Int: 11    God:    Uskayaw [**....]
Gold:   867        SH:  0    Dex: 19    Spells: 10/10 levels left

rFire   . . .        k - +2 dagger (venom)
rCold   . . .        (no shield)
rNeg    + . .        G - +0 acid dragon scales
rPois   .            O - +1 helmet
rElec   .            c - +0 cloak
rCorr   +            (no gloves)
SInv    .            h - +1 pair of boots
Will    +....        (no amulet)
Stlth   +++          i - ring of positive energy
HPRegen 1.10/turn    m - ring of resist corrosion
MPRegen 0.15/turn

%: guardian spirit
@: lethally poisoned (-1 -> -2)
A: fangs 3, regeneration 1, magic shield, antimagic bite, no potion heal 2
a: Renounce Religion, Stomp, Line Pass


You were on level 12 of the Dungeon.
You worshipped Uskayaw.
Uskayaw was noncommittal.
You visited 2 branches of the dungeon, and saw 13 of its levels.
You also visited: Sewer and Ice Cave.

You collected 867 gold pieces.

Inventory:

Hand Weapons
 a - a +2 dagger
 k - a +2 dagger of venom (weapon)
 o - a +1 dagger of speed
 F - a +5 scimitar
 I - a +2 short sword
 L - a +0 rapier
Missiles
 d - 13 poisoned darts (quivered)
 e - 4 curare-tipped darts
Armour
 b - a +0 robe
 c - a +0 cloak (worn)
 h - a +1 pair of boots (worn)
 l - the +1 leather armour of the Ten Beasts {Str+3}
   (You found it on level 2 of the Dungeon)

   Str+3:     It affects your strength (+3).
 G - +0 acid dragon scales (worn)
 H - a +0 cloak
 O - a +1 helmet (worn)
Jewellery
 i - a ring of positive energy (left hand)
 j - a +6 ring of intelligence
 m - a ring of resist corrosion (right hand)
 r - a ring of magical power
Wands
 s - a wand of polymorph (10)
 u - a wand of paralysis (17)
 x - a wand of iceblast (26)
 y - a wand of mindburst (22)
 K - a wand of quicksilver (7)
Scrolls
 t - 2 scrolls of teleportation
 v - a scroll of fog
 C - a scroll of enchant weapon
 E - a scroll of poison
 J - a scroll of enchant armour
 M - a scroll of immolation
 N - a scroll of fear
Potions
 f - 2 potions of attraction
 g - a potion of ambrosia
 n - a potion of berserk rage
 p - a potion of cancellation
 q - 6 potions of curing
 w - 3 potions of heal wounds
 z - 3 potions of brilliance
 A - a potion of degeneration
 B - 2 potions of mutation
 D - a potion of enlightenment


   Skills:
 + Level 8.1 Fighting
 * Level 11.2 Short Blades
 - Level 1.7 Throwing
 + Level 1.2 Armour
 - Level 6.9 Dodging
 + Level 5.4 Stealth
 + Level 6.6 Invocations


You had 10 spell levels left.
You didn't know any spells.
Your spell library contained the following spells:

 Spells                   Type           Power      Damage    Failure   Level
 Slow                     Hex            0%         N/A       45%         1
 Cigotuvi's Dreadful Rot  Necr/Alch/Air  0%         N/A       58%         2
 Call Canine Familiar     Summ           0%         N/A       83%         3
 Confusing Touch          Hex            0%         N/A       83%         3
 Ozocubu's Armour         Ice            0%         N/A       83%         3
 Sigil of Binding         Hex            0%         N/A       83%         3
 Stone Arrow              Conj/Erth      0%         3d7       83%         3
 Vampiric Draining        Necr           0%         2d6       83%         3
 Anguish                  Hex/Necr       0%         N/A       99%         4
 Animate Armour           Summ/Erth      0%         N/A       99%         4
 Cause Fear               Hex            0%         N/A       99%         4
 Dimensional Bullseye     Hex/Tloc       0%         N/A       99%         4
 Ignite Poison            Fire/Alch      0%         N/A       99%         4
 Summon Lightning Spire   Summ/Air       0%         N/A       99%         4
 Freezing Cloud           Conj/Ice/Air   0%         6-21      100%        5
 Lee's Rapid Deconstruct  Erth           0%         3d4*      100%        5
 Metabolic Englaciation   Hex/Ice        0%         N/A       100%        5
 Sculpt Simulacrum        Ice/Alch       0%         N/A       100%        6
 Enfeeble                 Hex            0%         N/A       100%        7
 Lehudib's Crystal Spear  Conj/Erth      0%         10d2      100%        8


Dungeon Overview and Level Annotations

Branches:
Dungeon (12/15) Zot: 26907  Temple (1/1) D:5 Zot: 5998    Lair (0/5) D:8
    Orc (0/2) D:11          Sewer (visited)           IceCv (visited)

Altars:
Ashenzari
Cheibriados
Dithmenos
Elyvilon
Fedhas
Gozag
Hepliaklqana
Kikubaaqudgha
Makhleb
Nemelex Xobeh
Okawaru
Qazlal
Ru
Sif Muna
Trog
Uskayaw
Vehumet
Wu Jian
Xom
Yredelemnul
Zin
The Shining One

Shops:
D:4 *   D:11 (

Annotations:
D:4 exclusion: oklob plant
D:5 3 runed translucent doors, nms23's ghost, amateur MiBe
D:10 1 runed translucent door, mohammadb5305's ghost, novice DsSu


Innate Abilities, Weirdness & Mutations

You have razor-sharp teeth.
Your natural rate of healing is unusually fast.
When hurt, damage is shared between your health and your magic reserves.
Your bite disrupts and absorbs the magic of your enemies.
Potions cannot restore your health.


Message History

The meliai barely misses you.
You hit the meliai.
The meliai looks as sick as possible!
You bite the meliai. You drain its power.
You feel invigorated.
The meliai is heavily wounded.
The meliai misses you. The meliai stings you.
You are poisoned.
The meliai poisons you!
The meliai calls upon its god to heal the meliai.
The meliai is healed somewhat.
You can now pass through a line of other dancers.
You hit the meliai but do no damage.
The meliai looks as sick as possible!
You punch the meliai. Your bite misses the meliai.
The meliai is moderately wounded.
You feel sick.
The meliai calls down the wrath of its god upon you.
Something smites you!
The meliai invokes the aid of its god against you.
Something smites you!
* * * LOW HITPOINT WARNING * * *
You closely miss the meliai.
The meliai is heavily wounded.
You feel sick. The meliai hits you but does no damage. The meliai stings you.
The meliai closely misses you. The meliai barely misses you.
You hit the meliai but do no damage. You bite the meliai. You drain its power.
You feel invigorated.
The meliai is severely wounded.
You feel sick. The meliai barely misses you.
The meliai stings you but does no damage.
The meliai calls upon its god to heal the meliai.
The meliai is healed somewhat.
The meliai barely misses you.
The meliai stings you but does no damage.
You hit the meliai.
The meliai looks as sick as possible!
Your bite misses the meliai.
The meliai is severely wounded.
You feel sick. The meliai hits you with a +0 hand axe!
* * * LOW HITPOINT WARNING * * *
The meliai closely misses you.
The meliai mumbles some strange prayers to its god against you.
Something smites you!
You die...

#........ ## #....##..
##. #....###. #..
##...###. #.. #...##..
#.. ######.. #.. ##.#.
.####.y#############....
......y@.............#..
....................###.
###################<# ##
#.# #.# #.# #.# #.# #.#


You could see 2 meliai.

Vanquished Creatures
  A two-headed ogre (D:10)
  Nergalle (D:11)
  2 cyclopes (D:11)
  A deep elf pyromancer (D:12)
  A manticore (D:11)
  A smoke demon (D:10)
  An unseen horror (D:10)
  An unseen horror zombie (D:8)
  3 ice devils
  2 trolls
  A shadow (D:11)
  2 wraiths (D:9)
  3 wyverns
  8 yaks (D:8)
  A steam dragon (D:5)
  A basilisk (D:11)
  An acid dragon (D:9)
  A hornet zombie (D:8)
  4 orc warriors
  Pargi (Sewer)
  An ice beast (D:6)
  3 black bears
  3 ogres
  A phantom (D:5)
  2 kobold brigands (D:9)
  A brain worm (Sewer)
  2 bullfrogs (D:8)
  A gnoll sergeant (D:8)
  2 scorpions (D:7)
  A wyvern zombie (D:8)
  10 wights
  10 killer bees
  6 howler monkeys
  5 hounds
  3 orc priests
  2 bombardier beetles (D:5)
  6 jellies
  A sleepcap (D:4)
  3 iguanas
  14 orc wizards
  A troll simulacrum (IceCv)
  A killer bee zombie (D:8)
  Robin (D:3)
  5 gnolls (D:8)
  6 river rats
  7 adders
  A naga simulacrum (IceCv)
  A shadow imp (D:6)
  2 ufetubi (D:6)
  A dart slug (D:2)
  5 ribbon worms
  32 orcs
  8 endoplasms
  3 giant cockroaches
  17 goblins
  9 hobgoblins
  5 quokkas
  6 ball pythons
  5 bats (D:1)
  3 frilled lizards (Sewer)
  19 kobolds
  7 rats
259 creatures vanquished.

Notes
Turn   | Place    | Note
-------+----------+-------------------------------------------
     0 | D:1      | dorian the Vine Stalker Brigand began the quest for the
                  | Orb.
     0 | D:1      | Reached XP level 1. HP: 11/11 MP: 2/2
    49 | D:1      | Reached skill level 2 in Short Blades
    56 | D:1      | Reached skill level 1 in Dodging
    82 | D:1      | Reached XP level 2. HP: 15/15 MP: 3/3
   286 | D:1      | Reached XP level 3. HP: 18/18 MP: 4/4
   857 | D:2      | Identified the +1 leather armour of the Ten Beasts {Str+3}
  1335 | D:3      | Noticed Robin
  1370 | D:3      | Killed Robin
  1371 | D:3      | Reached skill level 3 in Short Blades
  1371 | D:3      | Reached XP level 4. HP: 23/23 MP: 5/5
  1606 | D:3      | Reached XP level 5. HP: 22/27 MP: 6/6
  1621 | D:3      | Found a glowing drain.
  1660 | Sewer    | Entered a sewer
  1735 | Sewer    | Reached skill level 4 in Short Blades
  1776 | Sewer    | Reached XP level 6. HP: 30/32 MP: 7/7
  1781 | Sewer    | Noticed Pargi
  1805 | Sewer    | Killed Pargi
  2122 | D:3      | Found a faded altar of an unknown god.
  2537 | D:4      | Reached XP level 7. HP: 29/36 MP: 8/8
  2587 | D:4      | Found a stormy altar of Qazlal.
  2601 | D:4      | Reached skill level 5 in Short Blades
  2672 | D:4      | Found a blossoming altar of Fedhas.
  2684 | D:4      | Noticed an oklob plant
  2749 | D:4      | Found Qoid's Assorted Antiques.
  2763 | D:4      | Found a sparkling altar of Nemelex Xobeh.
  2885 | D:4      | Found a sacrificial altar of Ru.
  3163 | D:4      | Found a hide-covered altar of Uskayaw.
  3551 | D:5      | Entered Level 5 of the Dungeon
  3694 | D:5      | You fall into a shaft and drop 2 floors!
  3704 | D:7      | Reached skill level 6 in Short Blades
  3704 | D:7      | Gained mutation: You have razor-sharp teeth. [Vine Stalker
                  | growth]
  3704 | D:7      | Reached XP level 8. HP: 42/42 MP: 9/9
  3785 | D:7      | Found a bloodstained altar of Trog.
  3970 | D:6      | Found a glowing silver altar of Zin.
  4164 | D:5      | Found a staircase to the Ecumenical Temple.
  4188 | Temple   | Entered the Ecumenical Temple
  4276 | D:5      | Found a runed translucent gate.
  4276 | D:5      | Found a runed translucent gate.
  4276 | D:5      | Found a runed translucent gate.
  4276 | D:5      | Noticed nms23's ghost (amateur MiBe)
  4293 | D:5      | Reached skill level 5 in Fighting
  4293 | D:5      | Reached skill level 7 in Short Blades
  4370 | D:5      | Found an opulent altar of Gozag.
  4435 | D:5      | Found a basalt altar of Yredelemnul.
  4599 | D:4      | Became a worshipper of Uskayaw the Reveller
  4657 | D:6      | Reached * piety under Uskayaw
  4707 | D:6      | Reached ** piety under Uskayaw
  4719 | D:6      | Reached *** piety under Uskayaw
  4721 | D:6      | Reached **** piety under Uskayaw
  4722 | D:6      | Reached skill level 1 in Invocations
  4722 | D:6      | Reached XP level 9. HP: 36/47 MP: 10/10
  4997 | D:6      | Found an ornate altar of the Wu Jian Council.
  5020 | D:6      | Found an iron altar of Okawaru.
  5020 | D:6      | Found a white marble altar of Elyvilon.
  5359 | D:7      | Reached skill level 8 in Short Blades
  5456 | D:7      | Found a glowing golden altar of the Shining One.
  5689 | D:8      | Reached skill level 5 in Dodging
  5915 | D:8      | Reached ***** piety under Uskayaw
  5926 | D:8      | Reached XP level 10. HP: 25/53 MP: 9/13
  5969 | D:8      | Reached skill level 9 in Short Blades
  6334 | D:8      | Found a staircase to the Lair.
  7477 | D:9      | Reached skill level 5 in Invocations
  7565 | D:9      | Reached skill level 10 in Short Blades
  8130 | D:10     | Entered Level 10 of the Dungeon
  8138 | D:10     | Noticed a two-headed ogre
  8142 | D:10     | Killed a two-headed ogre
  8143 | D:10     | Reached XP level 11. HP: 58/58 MP: 14/16
  8179 | D:10     | Found a burning altar of Makhleb.
  8857 | D:10     | Found a runed translucent door.
  8858 | D:10     | Noticed a fire giant
  8858 | D:10     | Noticed mohammadb5305's ghost (novice DsSu)
  8866 | D:10     | Found a shimmering altar of Xom.
  8880 | D:10     | Found a shimmering blue altar of Sif Muna.
  9068 | D:11     | Found a staircase to the Orcish Mines.
  9211 | D:11     | Noticed a manticore
  9227 | D:11     | Killed a manticore
  9344 | D:11     | Noticed a cyclops
  9357 | D:11     | Killed a cyclops
  9463 | D:11     | Found Amanulop's Weapon Shoppe.
  9601 | D:11     | Found a frozen archway.
  9645 | D:11     | Reached skill level 11 in Short Blades
  9673 | IceCv    | Entered an ice cave
  9885 | D:11     | Noticed a cyclops
  9904 | D:11     | Killed a cyclops
  9905 | D:11     | Reached skill level 5 in Stealth
  9956 | D:11     | Noticed Nergalle
  9974 | D:11     | Killed Nergalle
  9975 | D:11     | Reached skill level 1 in Armour
 10578 | D:12     | Noticed a deep elf pyromancer
 10583 | D:12     | Killed a deep elf pyromancer
 10670 | D:12     | Killed from afar by a meliai

Illustrated notes

Levels and vault maps discovered:
D:1:      psy_arrival_spokes, layout_rooms
D:2:      layout_basic, serial_aquarium, aquarium_bridge_island_large
          [aquarium_subvault_large_4_pools, aquarium_subvault_bridge,
          aquarium_subvault_bridge, aquarium_subvault_wall,
          aquarium_subvault_window], aquarium_bridge_long_joined
          [aquarium_subvault_wall, aquarium_subvault_bridge,
          aquarium_subvault_bridge, aquarium_subvault_wall,
          aquarium_subvault_wall, aquarium_subvault_bridge], aquarium_window_1,
          aquarium_window_3, aquarium_view_2c, patterned_corridor
D:3:      layout_basic, shapermc_ecumenical_altar_acropolis,
          lightli_sewer_entry_pipes, uniq_robin
D:4:      layout_loops_corners, tgw_fedhas,
          mainiacjoe_overflow_concentric_impassable, old_standard_altar,
          grunt_qazlal_sundering, hangedman_ru_absence, serial_shops, shop,
          saegor_snake_ambush
D:5:      layout_cave_pools, nicolae_gozag_seed_capital, lemuel_doored_altar,
          minmay_temple_entry_sparse_star, ebering_ghost_rock_garden
D:6:      layout_cave_pools, kennysheep_little_box, nzn_wu_jian_council_hall,
          mainiacjoe_overflow_divided_tiny,
          nicolae_concentric_dashed_squares_wild, serial_bayou_pond_e
D:7:      wad_woods_tower, layout_rooms, tso_oasis_becter,
          lightli_temple_of_fire, minmay_fountain_box, minivault_26
D:8:      layout_basic, lair_entry_dummy, serial_undead, serial_undead_e,
          serial_undead_c, serial_undead_b, serial_undead_a
D:9:      layout_loops_corners, serial_library,
          serial_library_hellmonk_angled_corner,
          serial_library_hellmonk_semicircle,
          serial_library_hellmonk_secret_room,
          serial_library_regret_index_small_wings,
          serial_library_hellmonk_room_b, serial_library_hellmonk_room_a
D:10:     layout_roguey, demons_altar, kennysheep_mini, amcnicky_altar_gilded,
          ebering_ghost_inner_flame
D:11:     layout_layer_cave, serial_shops, nicolae_shop_bloodbath_and_beyond,
          portal_ice_cave_demonic_guard, uniq_nergalle
D:12:     layout_cave_pods
Temple:   hellmonk_temple_flake

Skill      XL: |  1  2  3  4  5  6  7  8  9 10 11 |
---------------+----------------------------------+-----
Short Blades   | 2 3 4 6 7 8 10 11 | 11.2
Dodging        | 1 2 3 4 5 6 |  6.9
Fighting       | 2 3 4 5 6 7 8 |  8.1
Invocations    | 1 3 5 6 |  6.6
Stealth        | 5 |  5.4
Armour         | 1 |  1.2
Throwing       | |  1.7

Action                     |  1- 3 |  4- 6 |  7- 9 | 10-12 || total
---------------------------+-------+-------+-------+-------++-------
  Melee: Dagger            |    88 |   198 |   344 |   521 ||  1151
         Bite              |    21 |    50 |   113 |   234 ||   418
         Punch             |     2 |     3 |     1 |     6 ||    12
  Throw: Dart              |     8 |       |       |       ||     8
 Invoke: Line Pass         |       |       |       |     2 ||     2
  Evoke: Wand              |       |       |       |     1 ||     1
    Use: Scroll            |     5 |     1 |     7 |     7 ||    20
         Potion            |       |       |       |     1 ||     1
   Stab: Sleeping          |     5 |    11 |    13 |     4 ||    33
         Distracted        |     1 |       |     2 |       ||     3
         Paralysed         |       |       |     9 |    17 ||    26
         Confused          |       |       |       |     1 ||     1
 Armour: Robe              |    29 |       |       |       ||    29
         Leather armour    |     8 |   107 |   165 |    40 ||   320
         Acid dragon scale |       |       |       |   156 ||   156
  Dodge: Dodged            |    43 |    93 |   168 |   221 ||   525
